 Dungeon Crawl Stone Soup version 0.30-a0-374-g95c0257040 (webtiles) character file.

Game seed: 3786230077425320874

30102 gruber the Destroyer (level 13, 0/99 HPs)
             Began as a Gnoll Conjurer on Nov 26, 2022.
             Was a High Priest of Okawaru.
             Slain by a death yak (14 damage)
             ... on level 4 of the Lair of Beasts.
             The game lasted 00:28:39 (22470 turns).

gruber the Destroyer (Gnoll Conjurer)              Turns: 22470, Time: 00:28:40

Health: 0/99       AC: 14    Str:  8    XL:     13   Next: 49%
Magic:  0/29       EV: 17    Int: 23    God:    Okawaru [*****.]
Gold:   1004       SH:  9    Dex: 11    Spells: 20/32 levels left

rFire   + . .      SeeInvis .    C - +0 trident (vamp)
rCold   + + .      Faith    .    Y - +2 buckler of Gatape {Rampage}
rNeg    . . .      Spirit   +    L - +0 steam dragon scales
rPois   +          Reflect  .    G - +1 hat
rElec   .          Harm     .    Z - scarf {rC+ rF+}
rCorr   .          Rampage  +    a - +0 pair of gloves
Will    .....                    U - +0 pair of boots
Stlth   ++++++....               o - amulet of guardian spirit
HPRegen 0.36/turn                g - ring of protection from cold
MPRegen 0.21/turn                O - ring "Konig" {rPois Str+2}

@: heroic
A: fangs 1, strong nose, distributed training, iridescent scales 1, high MP 1
a: Renounce Religion, Heroism, Finesse, Duel


You were on level 4 of the Lair of Beasts.
You worshipped Okawaru.
Okawaru was extremely pleased with you.
You visited 3 branches of the dungeon, and saw 17 of its levels.
You also visited: Ice Cave.

You collected 1004 gold pieces.

Inventory:

Hand Weapons
 r - a +2 vorpal spear
 C - a +0 vampiric trident (weapon)
Missiles
 y - 4 throwing nets
 S - a javelin
Armour
 a - a +0 pair of gloves (worn)
 G - a +1 hat (worn)
 L - +0 steam dragon scales (worn)
 U - a +0 pair of boots (worn)
 Y - the +2 buckler of Gatape (worn) {Rampage}
   (Okawaru gifted it to you on level 11 of the Dungeon)

   Rampage:   It bestows one free step when moving towards enemies.
 Z - a scarf of resistance (worn)
Jewellery
 g - a ring of protection from cold (left hand)
 o - an amulet of guardian spirit (around neck)
 H - a ring of willpower
 O - the ring "Konig" (right hand) {rPois Str+2}
   (You found it on level 10 of the Dungeon)

   [ring of poison resistance]

   Str:       It affects your strength (+2).
   rPois:     It protects you from poison.
 P - a ring of see invisible
 T - a +6 ring of strength
 W - a ring of resist corrosion
Wands
 i - a wand of iceblast (4)
 x - a wand of paralysis (17)
 F - a wand of flame (13)
 J - a wand of mindburst (16)
 V - a wand of polymorph (5)
 X - a wand of digging (5)
Scrolls
 b - 5 scrolls of enchant weapon {unknown}
 e - a scroll of acquirement {unknown}
 f - 3 scrolls of magic mapping {unknown}
 h - 2 scrolls of torment {unknown}
 j - 2 scrolls of poison {unknown}
 m - 6 scrolls of blinking {unknown}
 n - 10 scrolls of teleportation {unknown}
 p - a scroll of vulnerability
 s - 2 scrolls of enchant armour {unknown}
 v - 4 scrolls of fog {unknown}
 w - a scroll of identify
 A - a scroll of brand weapon
 B - 4 scrolls of noise {unknown}
 E - 6 scrolls of amnesia {unknown}
 I - 2 scrolls of immolation
Potions
 c - 4 potions of mutation
 d - 3 potions of invisibility
 k - 4 potions of brilliance
 l - 2 potions of ambrosia
 q - 9 potions of curing
 t - 4 potions of cancellation
 u - a potion of berserk rage
 z - 3 potions of heal wounds
 D - 5 potions of haste
 K - 2 potions of lignification
 M - 3 potions of attraction {unknown}
 N - 4 potions of might
 Q - 2 potions of flight {unknown}
 R - 3 potions of resistance


   Skills:
 + Level 8.6(13.6) Fighting
 + Level 8.6(13.6) Short Blades
 + Level 8.6(13.6) Long Blades
 + Level 8.6(13.6) Axes
 + Level 8.6(13.6) Maces & Flails
 + Level 8.6(13.6) Polearms
 + Level 8.6(13.6) Staves
 + Level 8.6(13.6) Ranged Weapons
 + Level 8.6(13.6) Throwing
 + Level 8.6(13.6) Armour
 + Level 9.8(14.8) Dodging
 + Level 9.7(14.7) Stealth
 + Level 8.6(13.6) Shields
 + Level 8.6(13.6) Unarmed Combat
 + Level 10.0 Spellcasting
 + Level 10.2 Conjurations
 + Level 7.2 Hexes
 + Level 7.2 Summonings
 + Level 7.2 Necromancy
 + Level 7.2 Translocations
 + Level 7.2 Transmutations
 + Level 7.2 Fire Magic
 + Level 7.2 Ice Magic
 + Level 7.2 Air Magic
 + Level 7.2 Earth Magic
 + Level 7.2 Poison Magic
 + Level 9.4 Invocations
 + Level 8.6 Evocations


You had 20 spell levels left.
You knew the following spells:

 Your Spells              Type           Power      Damage    Failure   Level
a - Magic Dart            Conj           100%       1d8       1%          1
b - Searing Ray           Conj           100%       2d8       1%          2
c - Iskenderun's Mystic   Conj/Tloc      51%        2d11      1%          4
d - Iskenderun's Battles  Conj           55%        2d11      2%          5

Your spell library contained the following spells:

 Spells                   Type           Power      Damage    Failure   Level
 Apportation              Tloc           88%        N/A       1%          1
 Necrotise                Necr           100%       1d9       1%          1
 Dazzling Flash           Conj/Hex       100%       N/A       1%          3
 Fulminant Prism          Conj/Hex       25%        3d14      1%          4
 Fireball                 Conj/Fire      25%        3d11      4%          5
 Alistair's Intoxication  Tmut/Pois      29%        N/A       9%          5
 Conjure Ball Lightning   Conj/Air       25%        3x3d7     28%         6
 Orb of Destruction       Conj           27%        9d9       63%         7
 Summon Small Mammal      Summ           Unusable   N/A       N/A         1

Dungeon Overview and Level Annotations

Branches:
Dungeon (12/15)            Temple (1/1) D:7            Lair (4/5) D:9
 Shoals (0/4) Lair:2       Spider (0/4) Lair:3          Orc (0/2) D:10
  IceCv (visited)
  Slime: Lair:4-5

Altars:
Ashenzari
Cheibriados
Dithmenos
Elyvilon
Fedhas
Gozag
Hepliaklqana
Kikubaaqudgha
Makhleb
Nemelex Xobeh
Okawaru
Qazlal
Ru
Sif Muna
Uskayaw
Vehumet
Wu Jian
Xom
Yredelemnul
Zin
Jiyva

Shops:
D:6 ?   D:10 *

Annotations:
D:8 1 runed translucent door, Notanamesir's ghost, novice TrFi
Lair:3 3 runed translucent doors, Aretou's ghost, journeyman TrHW; Hifruza's ghost, journeyman DEIE; PaleRider's ghost, adept OgIE; Qenutwie's ghost, journeyman HOCA


Innate Abilities, Weirdness & Mutations

You have very sharp teeth.
Your uncanny sense of smell can sniff out nearby items.
Your experience applies equally to all skills.
You are partially covered in iridescent scales. (AC +2)
You have an increased reservoir of magic. (+10% MP)


Message History

The death yak gores you!
You gain the combat prowess of a mighty hero.
The death yak gores you!!
Unknown command.
You are too injured to fight recklessly!
You are too injured to fight recklessly!
You are too injured to fight recklessly!
You hit the death yak but do no damage.
The death yak is almost dead.
You hit the death yak but do no damage. Your bite misses the death yak.
The death yak is almost dead.
The death yak gores you!
* * * LOW HITPOINT WARNING * * *
You hit the death yak but do no damage.
The death yak is almost dead.
You hit the death yak but do no damage. Your bite misses the death yak.
The death yak is almost dead.
The death yak gores you!
* * * LOW HITPOINT WARNING * * *
Aiming: Paralyse
Press: ? - help, Shift-Dir - straight line, f/p - death yak
Aim: a death yak (almost dead, chance to affect: 9%)
The death yak resists with almost no effort.
The death yak gores you!
* * * LOW HITPOINT WARNING * * *
Unknown command.
You completely miss the death yak.
You bite the death yak, but do no damage.
The death yak is almost dead.
The death yak closely misses you.
Aiming: Mindburst
Press: ? - help, Shift-Dir - straight line, f/p - death yak
Aim: a death yak (almost dead, chance to affect: 26%)
The death yak easily resists.
You block the death yak's attack.
Unknown command.
Aiming: Mindburst
Press: ? - help, Shift-Dir - straight line, f/p - death yak
Aim: a death yak (almost dead, chance to affect: 26%)
The death yak easily resists.
The death yak gores you!
You die...

Y.. ####....P..# ... ######.##
.... ##.# ..... ##..# .....#
##...# ......##### #...<#
..........##### #####P#..##
.##.........###..####...######.
#...###..YYY@....P...........
#...# #..#####......##.#.###.
##..# #### #####.....#..## #..#
##..........### ....
###..........## #....
###............# #....
#.............##
#.............P#
##..............#


You could see 3 death yaks.

Vanquished Creatures
  Harold (Lair:2)
  A hydra (Lair:3)
  2 boulder beetles
  2 two-headed ogres
  2 lindwurms (Lair:3)
  A cyclops (D:11)
  2 merfolk sirens (Lair:2)
  5 elephants (Lair:3)
  A torpor snail (Lair:1)
  A gargoyle (D:10)
  8 cane toads
  An eye of devastation (Lair:3)
  2 komodo dragons
  A kobold demonologist (D:10)
  A rime drake (Lair:4)
  A freezing wraith (IceCv)
  2 merfolk (Lair:2)
  A polar bear (Lair:3)
  A blink frog (Lair:2)
  A queen bee (Lair:2)
  A hornet (D:11)
  A troll (D:11)
  Prince Ribbit (D:7)
  4 dream sheep (Lair:3)
  A shadow (D:11)
  A vampire (D:11)
  2 wyverns (Lair:2)
  37 yaks
  6 basilisks
  3 steam dragons
  A death yak simulacrum (IceCv)
  10 water moccasins
  A hydra simulacrum (IceCv)
  A floating eye (Lair:4)
  5 orc warriors
  4 black bears
  14 wolves
  7 centaurs (D:11)
  An ogre (D:7)
  A phantom (D:5)
  9 bullfrogs
  A kobold brigand (D:8)
  A necrophage (D:5)
  2 gnoll sergeants
  9 scorpions
  3 wights (D:9)
  An elephant simulacrum (IceCv)
  38 killer bees
  4 howler monkeys
  2 electric eels
  11 orc priests
  4 hounds
  3 jellies
  2 gnoll boudas (D:8)
  4 hell rats
  4 iguanas
  13 orc wizards
  22 gnolls
  8 adders
  5 river rats (D:8)
  12 white imps (Lair:3)
  An ufetubus (D:5)
  3 worms
  2 dart slugs
  39 orcs
  14 ball pythons
  6 endoplasms
  3 giant cockroaches
  10 goblins
  7 hobgoblins
  4 jackals
  10 kobolds
  10 quokkas
  2 frilled lizards
  23 rats
431 creatures vanquished.

Vanquished Creatures (others)
  A bush (Lair:4)
  8 fungi
  10 plants
19 creatures vanquished.

Grand Total: 450 creatures vanquished

Notes
Turn   | Place    | Note
-------+----------+-------------------------------------------
     0 | D:1      | gruber the Gnoll Conjurer began the quest for the Orb.
     0 | D:1      | Reached XP level 1. HP: 13/13 MP: 6/6
    23 | D:1      | Reached XP level 2. HP: 20/20 MP: 2/7
   544 | D:1      | Reached skill level 5 in Spellcasting
   544 | D:1      | Reached XP level 3. HP: 25/25 MP: 5/9
   547 | D:1      | Learned a level 2 spell: Searing Ray
   816 | D:1      | Reached skill level 1 in Invocations
  1255 | D:2      | Reached skill level 1 in Fighting
  1255 | D:2      | Reached skill level 1 in Short Blades
  1255 | D:2      | Reached skill level 1 in Long Blades
  1255 | D:2      | Reached skill level 1 in Axes
  1255 | D:2      | Reached skill level 1 in Maces & Flails
  1255 | D:2      | Reached skill level 1 in Polearms
  1255 | D:2      | Reached skill level 1 in Staves
  1255 | D:2      | Reached skill level 1 in Ranged Weapons
  1255 | D:2      | Reached skill level 1 in Throwing
  1255 | D:2      | Reached skill level 1 in Armour
  1255 | D:2      | Reached skill level 1 in Shields
  1255 | D:2      | Reached skill level 1 in Unarmed Combat
  1255 | D:2      | Reached skill level 1 in Evocations
  1759 | D:2      | Reached XP level 4. HP: 32/32 MP: 7/11
  2251 | D:3      | Reached skill level 1 in Hexes
  2251 | D:3      | Reached skill level 1 in Summonings
  2251 | D:3      | Reached skill level 1 in Necromancy
  2251 | D:3      | Reached skill level 1 in Translocations
  2251 | D:3      | Reached skill level 1 in Transmutations
  2251 | D:3      | Reached skill level 1 in Fire Magic
  2251 | D:3      | Reached skill level 1 in Ice Magic
  2251 | D:3      | Reached skill level 1 in Air Magic
  2251 | D:3      | Reached skill level 1 in Earth Magic
  2251 | D:3      | Reached skill level 1 in Poison Magic
  2558 | D:3      | Found a faded altar of an unknown god.
  2659 | D:3      | Reached XP level 5. HP: 37/37 MP: 8/12
  3090 | D:3      | Learned a level 4 spell: Iskenderun's Mystic Blast
  3308 | D:4      | Noticed an orc warrior
  3615 | D:4      | Reached skill level 5 in Dodging
  3615 | D:4      | Reached XP level 6. HP: 38/44 MP: 3/14
  3702 | D:4      | Found a shadowy altar of Dithmenos.
  3776 | D:5      | Entered Level 5 of the Dungeon
  3988 | D:5      | Reached XP level 7. HP: 51/51 MP: 1/15
  4475 | D:5      | Gained mutation: You have an increased reservoir of magic.
                  | (+10% MP) [potion of mutation]
  4475 | D:5      | Gained mutation: You are partially covered in iridescent
                  | scales. (AC +2) [potion of mutation]
  4639 | D:5      | Found a broken altar of Ashenzari.
  4803 | D:5      | Reached skill level 5 in Stealth
  5668 | D:6      | Found Beuzuf's Magic Scroll Shoppe.
  5771 | D:6      | Found a hide-covered altar of Uskayaw.
  6210 | D:6      | Reached XP level 8. HP: 58/58 MP: 10/18
  7018 | D:4      | Found an ancient bone altar of Kikubaaqudgha.
  7142 | D:4      | Found a shimmering altar of Xom.
  7218 | D:4      | Found a sacrificial altar of Ru.
  7218 | D:4      | Found a basalt altar of Yredelemnul.
  7386 | D:7      | Found a white marble altar of Elyvilon.
  7443 | D:7      | Found a staircase to the Ecumenical Temple.
  7484 | Temple   | Entered the Ecumenical Temple
  7637 | Temple   | Became a worshipper of Warmaster Okawaru
  8188 | D:7      | Noticed Prince Ribbit
  8195 | D:7      | Killed Prince Ribbit
  8196 | D:7      | Reached XP level 9. HP: 56/65 MP: 7/20
  8759 | D:7      | Reached * piety under Okawaru
  9795 | D:8      | Reached skill level 5 in Invocations
 10231 | D:8      | Noticed Notanamesir's ghost (novice TrFi)
 10233 | D:8      | Found a runed translucent door.
 10756 | D:8      | Reached ** piety under Okawaru
 11300 | D:9      | Found a stormy altar of Qazlal.
 11469 | D:9      | Found a staircase to the Lair.
 11497 | D:9      | Reached skill level 5 in Fighting
 11497 | D:9      | Reached skill level 5 in Short Blades
 11497 | D:9      | Reached skill level 5 in Long Blades
 11497 | D:9      | Reached skill level 5 in Axes
 11497 | D:9      | Reached skill level 5 in Maces & Flails
 11497 | D:9      | Reached skill level 5 in Polearms
 11497 | D:9      | Reached skill level 5 in Staves
 11497 | D:9      | Reached skill level 5 in Ranged Weapons
 11497 | D:9      | Reached skill level 5 in Throwing
 11497 | D:9      | Reached skill level 5 in Armour
 11497 | D:9      | Reached skill level 5 in Shields
 11497 | D:9      | Reached skill level 5 in Unarmed Combat
 11497 | D:9      | Reached skill level 5 in Evocations
 11497 | D:9      | Reached XP level 10. HP: 72/74 MP: 14/22
 12062 | D:9      | Reached *** piety under Okawaru
 12629 | D:10     | Entered Level 10 of the Dungeon
 12653 | D:10     | Noticed a two-headed ogre
 12666 | D:10     | Killed a two-headed ogre
 12924 | D:10     | Noticed a kobold demonologist
 12942 | D:10     | Killed a kobold demonologist
 13152 | D:10     | Reached **** piety under Okawaru
 13249 | D:10     | Identified the ring "Konig" {rPois Str+2}
 13350 | D:10     | Found Gel Biod's General Store.
 13473 | D:10     | Reached skill level 5 in Hexes
 13473 | D:10     | Reached skill level 5 in Summonings
 13473 | D:10     | Reached skill level 5 in Necromancy
 13473 | D:10     | Reached skill level 5 in Translocations
 13473 | D:10     | Reached skill level 5 in Transmutations
 13473 | D:10     | Reached skill level 5 in Fire Magic
 13473 | D:10     | Reached skill level 5 in Ice Magic
 13473 | D:10     | Reached skill level 5 in Air Magic
 13473 | D:10     | Reached skill level 5 in Earth Magic
 13473 | D:10     | Reached skill level 5 in Poison Magic
 13473 | D:10     | Reached XP level 11. HP: 80/81 MP: 9/25
 13693 | D:10     | Found a staircase to the Orcish Mines.
 13772 | D:11     | Noticed a boulder beetle
 13784 | D:11     | Killed a boulder beetle
 13784 | D:11     | Received a gift from Okawaru
 13864 | D:11     | Noticed a cyclops
 13880 | D:11     | Killed a cyclops
 14252 | D:11     | Reached ***** piety under Okawaru
 14403 | D:11     | Noticed a two-headed ogre
 14422 | D:11     | Killed a two-headed ogre
 15106 | D:11     | Identified the +2 buckler of Gatape {Rampage} (Okawaru
                  | gifted it to you on level 11 of the Dungeon)
 15106 | D:11     | Received a gift from Okawaru
 15382 | Lair:1   | Entered Level 1 of the Lair of Beasts
 16062 | Lair:1   | Reached XP level 12. HP: 84/91 MP: 8/27
 17141 | Lair:2   | Found a dark tunnel.
 17196 | Lair:2   | Noticed Harold
 17210 | Lair:2   | Killed Harold
 18294 | Lair:2   | Learned a level 5 spell: Iskenderun's Battlesphere
 19207 | Lair:2   | Received a gift from Okawaru
 19266 | Lair:2   | Found a staircase to the Shoals.
 20005 | Lair:3   | Found a frozen archway.
 20074 | Lair:3   | Reached XP level 13. HP: 81/98 MP: 4/29
 20134 | IceCv    | Entered an ice cave
 20320 | IceCv    | Found a transporter.
 20335 | IceCv    | Found a transporter.
 20447 | Lair:3   | Found a runed translucent gate.
 20447 | Lair:3   | Found a runed translucent gate.
 20447 | Lair:3   | Found a runed translucent gate.
 20449 | Lair:3   | Noticed PaleRider's ghost (adept OgIE)
 20449 | Lair:3   | Noticed Qenutwie's ghost (journeyman HOCA)
 20449 | Lair:3   | Noticed Aretou's ghost (journeyman TrHW)
 20451 | Lair:3   | Noticed Hifruza's ghost (journeyman DEIE)
 20451 | Lair:3   | Noticed Qenutwie's ghost (journeyman HOCA)
 20525 | Lair:3   | Found a hole to the Spider Nest.
 20531 | Lair:3   | Reached skill level 10 in Conjurations
 21949 | Lair:4   | Found a viscous altar of Jiyva.
 21956 | Lair:4   | Reached skill level 10 in Spellcasting
 22470 | Lair:4   | Slain by a death yak

Illustrated notes

Levels and vault maps discovered:
D:1:      erik_arrival_orb_chamber, layout_basic
D:2:      layout_basic, kennysheep_small_spiral
D:3:      layout_rooms, nicolae_ecumenical_snake_handling, dk_noncrumbling_3,
          st_stairs_7, minmay_cut_off
D:4:      layout_rooms, lemuel_round_altar, mainiacjoe_overflow_alcove_2,
          gammafunk_temple_overflow_pools, nicolae_dithmenos_the_darkroom
D:5:      layout_layer_cave, mainiacjoe_overflow_alcove_4
D:6:      layout_basic, mainiacjoe_overflow_small_starburst, serial_shops,
          nicolae_shop_window_shopping
D:7:      layout_basic, overflow_temple_1_default,
          minmay_temple_entry_sparse_star, minmay_misc_feat_encased,
          uniq_prince_ribbit1
D:8:      lemuel_ratsnest, layout_cave_pods, hellmonk_ghost_big_iron
D:9:      layout_irregular_city, nicolae_qazlal_style_of_elements,
          lair_entry_dummy
D:10:     layout_basic, orc_0_dummy, serial_shops, shop
D:11:     layout_roguey
D:12:     layout_rooms, nicolae_ru_great_annihilating_truth
Temple:   cyrus_circular_temple
Lair:1:   layout_chaotic_city
Lair:2:   regret_index_bee_streams, layout_cave_pods, elwin_shoals_entry_stream,
          nicolae_volcano_entry_two_sided, fungi_pond_lemuel, uniq_harold
Lair:3:   layout_cellular_growth, nicolae_spider_entry_non_spiders,
          gammafunk_ghost_cemetery, portal_ice_cave_entry_imps,
          minmay_lindwurm_lava
Lair:4:   layout_cave_pods, minmay_slime_entry_eyes

Skill      XL: |  1  2  3  4  5  6  7  8  9 10 11 12 13 |
---------------+----------------------------------------+-----
Spellcasting   | 5 6 7 8 9 10 | 10.0
Invocations    | 1 2 3 4 5 6 7 8 9 |  9.4
Fighting       | 1 2 3 4 5 6 7 8 |  8.6
Short Blades   | 1 2 3 4 5 6 7 8 |  8.6
Long Blades    | 1 2 3 4 5 6 7 8 |  8.6
Axes           | 1 2 3 4 5 6 7 8 |  8.6
Maces & Flails | 1 2 3 4 5 6 7 8 |  8.6
Polearms       | 1 2 3 4 5 6 7 8 |  8.6
Staves         | 1 2 3 4 5 6 7 8 |  8.6
Ranged Weapons | 1 2 3 4 5 6 7 8 |  8.6
Throwing       | 1 2 3 4 5 6 7 8 |  8.6
Armour         | 1 2 3 4 5 6 7 8 |  8.6
Shields        | 1 2 3 4 5 6 7 8 |  8.6
Unarmed Combat | 1 2 3 4 5 6 7 8 |  8.6
Evocations     | 1 2 3 4 5 6 7 8 |  8.6
Hexes          | 1 2 3 4 5 6 7 |  7.2
Summonings     | 1 2 3 4 5 6 7 |  7.2
Necromancy     | 1 2 3 4 5 6 7 |  7.2
Translocations | 1 2 3 4 5 6 7 |  7.2
Transmutations | 1 2 3 4 5 6 7 |  7.2
Fire Magic     | 1 2 3 4 5 6 7 |  7.2
Ice Magic      | 1 2 3 4 5 6 7 |  7.2
Air Magic      | 1 2 3 4 5 6 7 |  7.2
Earth Magic    | 1 2 3 4 5 6 7 |  7.2
Poison Magic   | 1 2 3 4 5 6 7 |  7.2
Dodging        | 5 6 7 8 9 |  9.8
Stealth        | 5 6 7 8 9 |  9.7
Conjurations   | 8 9 10 | 10.2

Action                   |  1- 3 |  4- 6 |  7- 9 | 10-12 | 13-15 || total
-------------------------+-------+-------+-------+-------+-------++-------
Melee: Spear             |       |       |    27 |   133 |       ||   160
       Bite              |       |       |     2 |    51 |    19 ||    72
       Trident           |       |       |       |   292 |   144 ||   436
Throw: Javelin           |       |       |       |     1 |       ||     1
       Throwing net      |       |       |       |       |     2 ||     2
 Cast: Magic Dart        |    74 |   116 |   182 |   113 |    57 ||   542
       Iskenderun's Myst |       |     1 |    22 |    56 |    17 ||    96
       Searing Ray       |       |     1 |    47 |    95 |     5 ||   148
       Iskenderun's Batt |       |       |       |    15 |    16 ||    31
Invok: Heroism           |       |       |       |     5 |     4 ||     9
Evoke: Wand              |       |       |     6 |     8 |     7 ||    21
  Use: Potion            |       |     1 |     5 |     1 |     1 ||     8
       Scroll            |       |       |       |    15 |       ||    15
 Stab: Sleeping          |       |       |       |     1 |       ||     1
Armor: Robe              |       |     3 |    26 |       |       ||    29
       Steam dragon scal |       |       |     3 |   226 |    46 ||   275
Dodge: Dodged            |     2 |    25 |    89 |   404 |   109 ||   629
Block: Buckler           |       |       |     7 |   210 |    72 ||   289

Table legend: (Time is in decaauts)
 A = Elapsed time spent in this place.
 B = Non-inter-level travel time spent in this place.
 C = Inter-level travel time spent in this place.
 D = Time resting spent in this place.
 E = Time spent auto-exploring this place.
 F = Levels seen in this place.
 G = Mean time per level.
                   A        B        C        D        E       F      G
               +--------+--------+--------+--------+--------+-----+--------+
         Total |  22406 |  21591 |    815 |    911 |  17594 |  18 | 1244.8 |
       Dungeon |  15431 |  14795 |    636 |    624 |  12314 |  12 | 1285.9 |
        Temple |    166 |    153 |     13 |      0 |    142 |   1 |  166.0 |
          Lair |   6576 |   6411 |    165 |    287 |   4964 |   4 | 1644.0 |
      Ice Cave |    231 |    231 |      0 |      0 |    174 |   1 |  231.0 |
               +--------+--------+--------+--------+--------+-----+--------+

Top non-repeatable levels by time:
  Lair:2: 2719 daAuts
  Lair:3: 2244 daAuts
     D:7: 1973 daAuts
     D:5: 1904 daAuts
     D:9: 1724 daAuts
     D:8: 1718 daAuts
    D:11: 1551 daAuts
  Lair:1: 1419 daAuts
     D:3: 1217 daAuts
     D:1: 1169 daAuts
     D:6: 1062 daAuts
     D:4: 1059 daAuts
    D:10: 1038 daAuts
     D:2: 991 daAuts
   IceCv: 231 daAuts
